 Dungeon Crawl Stone Soup version 0.29.1-13-g9f3cf754e1 (webtiles) character file.

Game seed: 18439475119452204767

9604 sanboga the Severer (level 11, -25/91 HPs)
             Began as a Minotaur Monk on Jan 31, 2023.
             Was an Elder of Hepliaklqana.
             Annihilated by an orc knight
             ... wielding a +0 glaive
              (29 damage)
             ... in a bailey.
             The game lasted 00:15:35 (11117 turns).

sanboga the Severer (Minotaur Monk)                Turns: 11117, Time: 00:15:36

Health: -25/91     AC: 15    Str: 18    XL:     11   Next: 25%
Magic:  8/10       EV: 13    Int:  7    God:    Hepliaklqana [****..]
Gold:   218        SH:  5    Dex: 22    Spells: 10/10 levels left

rFire   . . .      SeeInvis .   t - +6 hand axe of Certain Death {holy, *Noise rPois rF- Dex+9}
rCold   . . .      Faith    .   (no shield)
rNeg    . . .      Spirit   .   k - +1 chain mail
rPois   +          Reflect  +   o - +1 hat of the Gusle {rCorr}
rElec   .          Harm     .   (no cloak)
rCorr   +          Rampage  .   (no gloves)
Will    .....      Rnd*Tele +   b - +0 pair of boots "Qopoew" {rPois}
Stlth   ..........              j - amulet of reflection
HPRegen 0.25/turn               p - +4 ring of evasion
MPRegen 0.12/turn               f - ring of poison resistance

@: about to teleport
A: reduced essence, horns 2, retaliatory headbutt, fire resistance 1,
teleportitis 1, weak 1
a: Renounce Religion, Recall Ancestor, Ancestor Identity, Transference, Idealise


You were in a bailey.
You worshipped Hepliaklqana.
Hepliaklqana was greatly pleased with you.
You visited 3 branches of the dungeon, and saw 11 of its levels.
You also visited: Bailey.

You collected 486 gold pieces.
You spent 268 gold pieces at shops.

Inventory:

Hand Weapons
 r - a +4 war axe
 t - the +6 hand axe of Certain Death (weapon) {holy, *Noise rPois rF- Dex+9}
   (You found it on level 7 of the Dungeon)

   It has been blessed by the Shining One to cause great damage to the undead
   and demons.
   Dex:       It affects your dexterity (+9).
   rF:        It makes you vulnerable to fire.
   rPois:     It protects you from poison.
   *Noise:    It may make noises in combat.
Armour
 b - the +0 pair of boots "Qopoew" (worn) {rPois}
   (You acquired it on level 7 of the Dungeon)

   rPois:     It protects you from poison.
 k - a +1 chain mail (worn)
 o - the +1 hat of the Gusle (worn) {rCorr}
   (You bought it in a shop on level 6 of the Dungeon)

   rCorr:     It protects you from acid and corrosion.
Jewellery
 f - a ring of poison resistance (right hand)
 j - an amulet of reflection (around neck)
 p - a +4 ring of evasion (left hand)
Wands
 g - a wand of mindburst (22)
Scrolls
 e - 2 scrolls of magic mapping
 h - 3 scrolls of brand weapon
 i - 2 scrolls of fog
 l - 3 scrolls of enchant armour
 q - 2 scrolls of enchant weapon
 u - a scroll of fear {unknown}
Potions
 c - a potion of ambrosia
 n - 2 potions of flight
 s - a potion of heal wounds


   Skills:
 + Level 11.2 Fighting
 * Level 15.1 Axes
 + Level 10.5 Armour
 - Level 3.2 Dodging
 - Level 1.5 Stealth


You had 10 spell levels left.
You didn't know any spells.
Your spell library contained the following spells:

 Spells                   Type           Power      Damage    Failure   Level
 Slow                     Hex            0%         N/A       98%         1
 Poisonous Vapours        Pois/Air       0%         N/A       99%         2
 Scorch                   Fire           0%         2d5       99%         2
 Static Discharge         Conj/Air       0%         3-3/arc   99%         2
 Sublimation of Blood     Necr           0%         N/A       99%         2
 Wereblood                Tmut           0%         N/A       99%         2
 Confusing Touch          Hex            0%         N/A       100%        3
 Lesser Beckoning         Tloc           0%         N/A       100%        3
 Portal Projectile        Hex/Tloc       0%         N/A       100%        3
 Tukima's Dance           Hex            0%         N/A       100%        3
 Vampiric Draining        Necr           0%         2d6       100%        3
 Flame Wave               Conj/Fire      0%         2d4       100%        4
 Blade Hands              Tmut           0%         N/A       100%        5
 Summon Cactus Giant      Summ           0%         N/A       100%        6
 Summon Hydra             Summ           0%         N/A       100%        7


Dungeon Overview and Level Annotations

Branches:
Dungeon (9/15)             Temple (1/1) D:5            Lair (1/5) D:8
 Bailey (1/1)
    Orc: D:9-12

Altars:
Elyvilon
Fedhas
Gozag
Hepliaklqana
Kikubaaqudgha
Makhleb
Nemelex Xobeh
Okawaru
Sif Muna
Trog
Uskayaw
Vehumet
Wu Jian
Xom
Yredelemnul
Zin
The Shining One

Shops:
D:1 (   D:3 *   D:6 *

Annotations:
Temple 2 transporters


Innate Abilities, Weirdness & Mutations

Your life essence is reduced to manifest your ancestor. (-10% HP)
You have a pair of horns on your head.
You reflexively headbutt those who attack you in melee.
Your flesh is heat resistant. (rF+)
You are occasionally teleported next to monsters.
You are weak. (Str -2)


Message History

Choko hits the orc knight with a +0 dagger of draining!
Choko hits the orc knight with a +0 dagger of draining.
Choko drains the orc knight.
You completely miss the orc knight. Your headbutt misses the orc knight.
The orc knight is moderately wounded.
The orc knight hits you with a +0 glaive!
The orc warrior hits you but does no damage.
An orc warrior comes into view. It is wielding a +0 glaive.
Choko misses the orc knight.
You hit the orc knight.
Your hand axe of Certain Death sputters and hisses.
The orc knight is heavily wounded.
You hear a shout! x7
Choko closely misses the orc knight.
An orc opens the huge gate.
The orc warrior closely misses you.
An orc comes into view. It is wielding a +0 war axe.
An orc warrior comes into view. It is wielding a +0 glaive.
An orc knight comes into view. It is wielding a +0 halberd.
The orc knight roars a battlecry!
The orcs go into a battle-frenzy!
An orc warrior and 4 orcs come into view.
As you read the scroll of teleportation, it crumbles to dust.
You feel strangely unstable.
The orc warrior shouts!
Choko casts a spell at the orc knight.
The orc knight seems to slow down.
The orc warrior hits you from afar with a +0 halberd!
The orc warrior barely misses you.
The orc knight hits you with a +0 glaive!
* * * LOW HITPOINT WARNING * * *
You hit the orc knight but do no damage.
Your headbutt misses the orc knight.
The orc knight is heavily wounded.
Choko barely misses the orc knight.
Choko completely misses the orc knight.
The orc warrior hits you from afar with a +0 glaive!
* * * LOW HITPOINT WARNING * * *
Choko barely misses the orc knight.
The orc knight hits you from afar with a +0 glaive!!
You die...

###########
...o..o.@.###..
..........oooo..
.???..Roo.oo....
.???......oo....
.???......o'....
...........'....
..........###...
########### ###


You could see the friendly Choko the hexer, 2 orc knights, 5 orc warriors and 6
orcs.

Vanquished Creatures
  A two-headed ogre (D:7)
  An ugly thing (D:7)
  A deep elf pyromancer (D:7)
  A cyclops (D:7)
  Joseph (D:8)
  A gargoyle (D:7)
  3 trolls (D:7)
  2 wyverns
  Grum (D:8)
  A yak (D:7)
  A steam dragon (D:8)
  Menkaure (D:6)
  An acid dragon (D:9)
  2 water moccasins (D:7)
  3 orc warriors (Bailey)
  A sky beast (D:7)
  3 ice beasts
  5 black bears
  2 wolves (D:8)
  3 ogres
  3 centaurs
  4 bullfrogs
  2 necrophages
  A kobold brigand (D:8)
  3 scorpions
  9 wights
  4 killer bees (D:8)
  A howler monkey (D:8)
  2 jellies
  A gnoll bouda (D:6)
  4 orc priests
  4 iguanas
  2 orc wizards
  8 adders
  6 gnolls
  A shadow imp (D:6)
  3 white imps
  4 ufetubi
  2 worms
  4 dart slugs
  31 orcs
  10 ball pythons
  9 endoplasms
  6 goblins
  7 hobgoblins
  A quokka (D:4)
  4 bats
  A frilled lizard (D:1)
  11 kobolds
  9 rats
192 creatures vanquished.

Vanquished Creatures (collateral kills)
  A hornet (D:8)
  2 yaks
  2 wyverns
  A sky beast (D:7)
  A black bear (D:6)
  A wolf (D:8)
  2 phantoms
  A necrophage (D:5)
  2 bullfrogs
  A scorpion (D:7)
  3 wights (D:7)
  2 quasits (D:6)
  A gnoll bouda (D:7)
  A jelly (D:5)
  2 gnolls
  A white imp (D:6)
  An ufetubus (D:6)
  4 orcs (Bailey)
29 creatures vanquished.

Vanquished Creatures (others)
  3 hexers (D:7)
  6 demonic plants (D:6)
  2 plants (D:8)
11 creatures vanquished.

Grand Total: 232 creatures vanquished

Notes
Turn   | Place    | Note
-------+----------+-------------------------------------------
     0 | D:1      | sanboga the Minotaur Monk began the quest for the Orb.
     0 | D:1      | Reached XP level 1. HP: 19/19 MP: 0/0
   266 | D:1      | Reached skill level 4 in Axes
   272 | D:1      | Reached XP level 2. HP: 22/27 MP: 1/1
   371 | D:1      | Reached skill level 1 in Armour
   580 | D:1      | Found a faded altar of an unknown god.
   657 | D:1      | Found Plog's Weapon Boutique.
  1003 | D:2      | Reached XP level 3. HP: 30/33 MP: 2/2
  1227 | D:2      | Reached skill level 5 in Axes
  1227 | D:2      | Reached XP level 4. HP: 34/41 MP: 3/3
  1696 | D:3      | Reached XP level 5. HP: 46/47 MP: 4/4
  1877 | D:3      | Found Nararghue's Assorted Antiques.
  1885 | D:3      | Bought a scroll labelled JATIPA MYCIPI for 25 gold pieces
  1885 | D:3      | Bought a scroll labelled UTIDGH COKHLE for 25 gold pieces
  1885 | D:3      | Bought a yellow potion for 22 gold pieces
  1885 | D:3      | Bought a scroll labelled SESTUASKIWN for 25 gold pieces
  2457 | D:4      | Found a hide-covered altar of Uskayaw.
  2458 | D:4      | Noticed a +0 hand axe
  2459 | D:4      | Noticed a +0 hand axe
  2460 | D:4      | Noticed a black bear
  2471 | D:4      | Killed a black bear
  2472 | D:4      | Reached skill level 5 in Fighting
  2472 | D:4      | Reached skill level 6 in Axes
  2472 | D:4      | Reached XP level 6. HP: 56/56 MP: 5/5
  2686 | D:4      | Noticed an ice beast
  2692 | D:4      | Killed an ice beast
  3094 | D:4      | Reached skill level 7 in Axes
  3967 | D:5      | Entered Level 5 of the Dungeon
  3987 | D:5      | Reached XP level 7. HP: 42/62 MP: 6/6
  4375 | D:5      | Found a staircase to the Ecumenical Temple.
  4442 | Temple   | Entered the Ecumenical Temple
  4442 | Temple   | Found a transporter.
  4442 | Temple   | Found a transporter.
  4444 | Temple   | Found a transporter.
  4444 | Temple   | Found a transporter.
  4454 | Temple   | Became a worshipper of Hepliaklqana the Forgotten
  4454 | Temple   | Reached * piety under Hepliaklqana
  4454 | Temple   | Reached ** piety under Hepliaklqana
  4455 | Temple   | Remembered your ancestor Choko as a hexer
  4811 | D:5      | Reached skill level 8 in Axes
  4891 | D:5      | Reached skill level 5 in Armour
  5197 | D:5      | Reached XP level 8. HP: 63/63 MP: 7/7
  5289 | D:6      | Reached skill level 9 in Axes
  5415 | D:6      | Noticed Menkaure
  5421 | D:6      | Killed Menkaure
  5583 | D:6      | Found Notepycu's Assorted Antiques.
  5590 | D:6      | Bought a dazzling hat for 171 gold pieces
  5590 | D:6      | Identified the +1 hat of the Gusle {rCorr} (You bought it
                  | in a shop on level 6 of the Dungeon)
  5598 | D:6      | Found a white marble altar of Elyvilon.
  5623 | D:6      | Reached skill level 10 in Axes
  5963 | D:6      | Reached *** piety under Hepliaklqana
  6416 | D:7      | Reached XP level 9. HP: 30/72 MP: 8/8
  6730 | D:7      | Noticed a red ugly thing
  6733 | D:7      | Gained mutation: You are occasionally teleported next to
                  | monsters. [potion of mutation]
  6733 | D:7      | Gained mutation: You are weak. (Str -2) [potion of
                  | mutation]
  6733 | D:7      | Gained mutation: Your flesh is heat resistant. (rF+)
                  | [potion of mutation]
  6741 | D:7      | Killed a red ugly thing
  6742 | D:7      | Reached skill level 11 in Axes
  6918 | D:7      | Found an iron altar of Okawaru.
  7098 | D:7      | Reached skill level 12 in Axes
  7131 | D:7      | Noticed a deep elf pyromancer
  7131 | D:7      | Noticed a cyclops
  7131 | D:7      | Noticed a troll
  7131 | D:7      | Noticed a gargoyle
  7131 | D:7      | Noticed a troll
  7131 | D:7      | Noticed a troll
  7133 | D:7      | Noticed a two-headed ogre
  7321 | D:7      | Found a radiant altar of Vehumet.
  7701 | D:7      | Killed a cyclops
  7705 | D:7      | Killed a two-headed ogre
  7706 | D:7      | Reached XP level 10. HP: 19/81 MP: 6/9
  8087 | D:7      | Reached skill level 13 in Axes
  8110 | D:7      | Killed a gargoyle
  8381 | D:7      | Reached skill level 10 in Fighting
  8392 | D:7      | Killed a deep elf pyromancer
  8805 | D:7      | Reached skill level 14 in Axes
  8820 | D:7      | Identified the +5 arbalest of Quv Zac {penet, rElec}
  8854 | D:7      | Identified the +0 sling of Efes {freeze, Str+7}
  8856 | D:7      | Got the Directory of Weather and the Tesseract
  8857 | D:7      | Identified the +6 hand axe of Certain Death {holy, *Noise
                  | rPois rF- Dex+9}
  8866 | D:7      | Identified the +8 short sword "Menu" {holy, Str+3}
  8867 | D:7      | Identified the +5 sling "Bupepaeh" {vorpal, Dex+3}
  8873 | D:7      | Identified a scroll of acquirement
  8873 | D:7      | Acquired the +0 pair of boots "Qopoew" {rPois}
  9236 | D:8      | Noticed Joseph
  9254 | D:8      | Killed Joseph
  9530 | D:8      | Reached skill level 10 in Armour
  9659 | D:8      | Reached XP level 11. HP: 69/90 MP: 10/10
  9822 | D:8      | Noticed Grum
  9841 | D:8      | Killed Grum
 10129 | D:8      | Found a staircase to the Lair.
 10614 | Lair:1   | Entered Level 1 of the Lair of Beasts
 10807 | D:9      | Reached skill level 15 in Axes
 10823 | D:9      | Reached **** piety under Hepliaklqana
 10830 | D:9      | Found a flagged portal.
 10843 | Bailey   | Entered a bailey
 11108 | Bailey   | Noticed an orc knight
 11115 | Bailey   | Noticed an orc knight
 11117 | Bailey   | HP: 4/91 [orc warrior/+0 glaive (12)]
 11117 | Bailey   | Annihilated by an orc knight

Illustrated notes

Levels and vault maps discovered:
D:1:      dpeg_arrival_snail, layout_rooms, dreamdust_ecumenical_altar_statues,
          serial_shops, nicolae_shop_hallway_plus, minmay_hexomino_u4
D:2:      layout_rooms
D:3:      layout_basic, serial_shops, nicolae_shop_statue_plus
D:4:      layout_loops_ring, dancing_weapons_uskayaw, kennysheep_another_room
D:5:      nicolae_cairo_tiling_large, layout_basic, minmay_temple_entry_fiery,
          kennysheep_generic_room_15
D:6:      layout_basic, elyvilon_altar_5, serial_demonic, serial_demonic_b,
          serial_demonic_g, serial_demonic_e, serial_demonic_a, serial_shops,
          shop, uniq_menkaure
D:7:      minmay_the_grid_triangle_9x9_rhombus_full
          [minmay_the_grid_triangle_9x9_descending_squares,
          minmay_the_grid_triangle_9x9_warning,
          minmay_the_grid_triangle_9x9_corruption,
          minmay_the_grid_triangle_9x9_windchime,
          minmay_the_grid_triangle_9x9_wacky_v,
          minmay_the_grid_triangle_9x9_cache,
          minmay_the_grid_triangle_9x9_flanged_cone,
          minmay_the_grid_triangle_9x9_prize_center], layout_basic,
          mainiacjoe_overflow_cross_hatched, kennysheep_mini_moat,
          serial_curves, eino_curves_02, eino_curves_02
D:8:      layout_basic, david_lair_generic, kennysheep_potato, uniq_grum,
          uniq_joseph
D:9:      layout_basic, kennysheep_mini, enter_bailey_2
Temple:   hellmonk_temple_divided_pantheon
Lair:1:   layout_long_grid, nicolae_lair_lil_pond, lemuel_fruit_tree,
          serial_bayou_shore_a
Bailey:   bailey_polearm_5, bailey

Skill      XL: |  1  2  3  4  5  6  7  8  9 10 11 |
---------------+----------------------------------+-----
Axes           | 4 5 6 7 8 10 12 14 15 | 15.1
Armour         | 1 2 3 4 5 6 8 10 | 10.5
Fighting       | 4 5 6 7 9 10 11 | 11.2
Dodging        | |  3.2
Stealth        | |  1.5

Action                   |  1- 3 |  4- 6 |  7- 9 | 10-12 || total
-------------------------+-------+-------+-------+-------++-------
Melee: Hand axe          |    79 |   138 |   231 |   222 ||   670
       Headbutt          |    15 |    18 |    48 |    53 ||   134
       Punch             |       |     1 |     4 |     3 ||     8
Invok: Ancestor Life: He |       |       |     1 |       ||     1
       Ancestor Identity |       |       |     1 |       ||     1
       Recall Ancestor   |       |       |     3 |     1 ||     4
  Use: Scroll            |       |     9 |     7 |     7 ||    23
       Potion            |       |     1 |     2 |     2 ||     5
 Stab: Distracted        |       |       |     3 |     5 ||     8
       Confused          |       |       |     2 |     7 ||     9
Armor: Robe              |     5 |       |       |       ||     5
       Ring mail         |    13 |     4 |       |       ||    17
       Chain mail        |       |    37 |    77 |    70 ||   184
       Skin              |       |     7 |       |       ||     7
Dodge: Dodged            |    55 |    41 |   113 |   112 ||   321
Block: Other             |     5 |    18 |    39 |    45 ||   107
       Reflection        |       |     1 |     2 |     5 ||     8
